 Dungeon Crawl Stone Soup version 0.27.1 (webtiles) character file.

Game seed: 9647167793713898472

266 Kinoniko the Ruffian (level 6, -2/59 HPs)
             Began as a Troll Monk on Aug 31, 2021.
             Slain by a gnoll (6 damage)
             ... on level 4 of the Dungeon.
             The game lasted 00:02:22 (2533 turns).

Kinoniko the Ruffian (Troll Monk)                   Turns: 2533, Time: 00:02:22

Health: -2/59      AC:  4    Str: 20    XL:     6   Next: 0%
Magic:  5/5        EV: 10    Int:  6    God:
Gold:   179        SH:  0    Dex: 14    Spells: 5/5 levels left

rFire    . . .     SeeInvis .     - Unarmed
rCold    . . .     Faith    .   (no shield)
rNeg     . . .     Spirit   .   a - +0 robe
rPois    .         Reflect  .   (helmet restricted)
rElec    .         Harm     .   (no cloak)
rCorr    .         Rampage  .   (gloves unavailable)
Will     .....                  (boots unavailable)
Stlth    ++........             (no amulet)
HPRegen  1.19/turn              (no ring)
MPRegen  0.09/turn              (no ring)

@: lethally poisoned (-2 -> -3)
A: large, unfitting armour, claws 3, regeneration 1, shaggy fur 1, tough skin 1
a: no special abilities


You were on level 4 of the Dungeon.
You visited 1 branch of the dungeon, and saw 4 of its levels.

You collected 179 gold pieces.

Inventory:

Missiles
 d - a throwing net (quivered)
Armour
 a - a +0 robe (worn)
Scrolls
 c - a scroll of silence
 f - a scroll of teleportation
 j - a scroll of enchant weapon
Potions
 h - a potion of might {unknown}


   Skills:
 - Level 2.4 Fighting
 - Level 2.4 Dodging
 - Level 1.0 Stealth
 * Level 6.8 Unarmed Combat


You had 5 spell levels left.
You didn't know any spells.
Your spell library contained the following spells:

 Spells                   Type           Power      Damage    Failure   Level
 Animate Skeleton         Necr           0%         N/A       45%         1
 Pain                     Necr           0%         1d4       45%         1
 Vampiric Draining        Necr           0%         2d6       83%         3


Dungeon Overview and Level Annotations

Branches:
Dungeon (4/15)
 Temple: D:4-7

Altars:
Sif Muna
Yredelemnul


Innate Abilities, Weirdness & Mutations

You are too large for most types of armour.
You have claws for hands.
Your natural rate of healing is unusually fast.
You are covered in fur. (AC +1)
You have tough skin. (AC +1)


Message History

The iguana barely misses you.
You scratch the iguana.
The iguana is lightly wounded.
The iguana bites you.
You claw the iguana!
The iguana is almost dead.
The iguana closely misses you. The gnoll misses you.
You barely miss the iguana.
The iguana is almost dead.
The iguana bites you! The gnoll hits you with a +0 flail!
The adder closely misses you.
You claw the iguana!
You kill the iguana!
The adder bites you but does no damage. The gnoll hits you with a +0 flail!
You have reached level 6!
Your experience leads to an increase in your attributes!
Increase (S)trength, (I)ntelligence, or (D)exterity?
You feel agile.
You feel stronger.
You barely miss the gnoll. The gnoll hits you but does no damage.
The adder bites you.
You are poisoned.
The adder poisons you!
You claw the gnoll!
The gnoll is severely wounded.
You feel sick. The gnoll barely misses you. The adder barely misses you.
The gnoll hits you from afar with a +0 halberd.
* * * LOW HITPOINT WARNING * * *
You scratch the gnoll.
The gnoll is severely wounded.
The adder bites you.
* * * LOW HITPOINT WARNING * * *
The gnoll hits you with a +0 flail.
* * * LOW HITPOINT WARNING * * *
The gnoll closely misses you.
You scratch the gnoll.
The gnoll is almost dead.
You feel sick. The adder bites you.
* * * LOW HITPOINT WARNING * * *
The gnoll hits you with a +0 flail.
You die...

##..## *#.#**
##..## *#.#*
##....####..# ###*
##..##.S.#..#* *
#..###..#####g...#
** #......## ##.†##
**. ###..g##
##)g#**.. #..Sg#
#..##... *#.##@#*
##...... #.**#..#
*#....S. #** ##.#*
*#......(
**..*****#..####..
**,...,*,....****##
*,*###.,.l...,,****
*** *##.....,,,,,,
#....,,,,,,,
**,,,,,,,,,,


You could see 2 gnolls and an adder.

Vanquished Creatures
  An ice beast (D:4)
  A hound (D:2)
  An iguana (D:4)
  3 adders
  A gnoll (D:4)
  4 dart slugs
  4 bats
  3 endoplasms
  A giant cockroach (D:2)
  9 goblins
  7 hobgoblins
  9 jackals
  4 kobolds
  3 quokkas
  7 ball pythons
  4 frilled lizards
  9 rats
71 creatures vanquished.

Vanquished Creatures (others)
  3 plants (D:1)
3 creatures vanquished.

Grand Total: 74 creatures vanquished

Notes
Turn   | Place    | Note
-------+----------+-------------------------------------------
     0 | D:1      | Kinoniko the Troll Monk began the quest for the Orb.
     0 | D:1      | Reached XP level 1. HP: 22/22 MP: 0/0
   162 | D:1      | Reached XP level 2. HP: 29/29 MP: 1/1
   251 | D:1      | Found a faded altar of an unknown god.
   289 | D:1      | Reached skill level 4 in Unarmed Combat
   598 | D:1      | Reached XP level 3. HP: 36/36 MP: 2/2
  1271 | D:2      | Reached skill level 5 in Unarmed Combat
  1271 | D:2      | Reached XP level 4. HP: 34/44 MP: 3/3
  1707 | D:3      | Found a basalt altar of Yredelemnul.
  1708 | D:3      | Found a shimmering blue altar of Sif Muna.
  2431 | D:4      | Noticed an ice beast
  2436 | D:4      | Killed an ice beast
  2437 | D:4      | Reached skill level 6 in Unarmed Combat
  2437 | D:4      | Reached XP level 5. HP: 39/50 MP: 4/4
  2530 | D:4      | Reached XP level 6. HP: 24/59 MP: 5/5
  2533 | D:4      | Slain by a gnoll

Illustrated notes

Levels and vault maps discovered:
D:1:      psy_arrival_fountain, layout_basic,
          ebering_ecumenical_altar_sacrificial, serial_bayou_ford_a,
          hangedman_decor_peaks_small
D:2:      layout_basic
D:3:      layout_basic, gammafunk_temple_overflow_statue
D:4:      layout_layer_cave, gammafunk_ghost_necromancy

Skill      XL: |  1  2  3  4 |
---------------+-------------+-----
Unarmed Combat | 4 5 6 |  6.8
Fighting       | |  2.4
Dodging        | |  2.4
Stealth        | |  1.0

Action                   |  1- 3 |  4- 6 || total
-------------------------+-------+-------++-------
Melee: Unarmed           |   142 |    75 ||   217
       Punch             |     2 |       ||     2
  Use: Scroll            |       |     7 ||     7
 Stab: Sleeping          |     3 |     3 ||     6
Armor: Robe              |    36 |    17 ||    53
Dodge: Dodged            |    57 |    32 ||    89
